 Dungeon Crawl Stone Soup version 0.30-a0-364-gf6b3ef1049 (webtiles) character file.

Game seed: 2861381023808638833

88 Manisia the Chiller (level 4, 38/38 HPs)
             Began as a Hill Orc Wanderer on Nov 15, 2022.
             Quit the game on level 2 of the Dungeon.
             The game lasted 00:05:48 (1938 turns).

Manisia the Chiller (Hill Orc Wanderer)             Turns: 1938, Time: 00:05:49

Health: 38/38      AC:  2    Str: 13    XL:     4   Next: 54%
Magic:  5/5        EV: 11    Int: 17    God:
Gold:   112        SH:  5    Dex:  8    Spells: 4/5 levels left

rFire   . . .      SeeInvis .    a - +1 hand axe
rCold   . . .      Faith    .    m - +2 buckler
rNeg    . . .      Spirit   .    c - +0 robe
rPois   .          Reflect  .    (no helmet)
rElec   .          Harm     .    (no cloak)
rCorr   .          Rampage  .    (no gloves)
Will    .....                    (no boots)
Stlth   +.........               (no amulet)
HPRegen 0.26/turn                (no ring)
MPRegen 0.09/turn                (no ring)

@: no status effects
A: no striking features
a: no special abilities


You were on level 2 of the Dungeon.
You visited 1 branch of the dungeon, and saw 2 of its levels.

You collected 112 gold pieces.

Inventory:

Hand Weapons
 a - a +1 hand axe (weapon)
Missiles
 f - 18 stones (quivered)
Armour
 c - a +0 robe (worn)
 m - a +2 buckler (worn)
Scrolls
 b - a scroll of butterflies
 d - a scroll of enchant weapon {unknown}
 e - 2 scrolls of identify
 h - a scroll of enchant armour {unknown}
Potions
 g - a potion of cancellation {unknown}
 j - a potion of heal wounds
 l - a potion of might {unknown}


   Skills:
 - Level 3.0 Fighting
 - Level 3.0 Axes
 - Level 0.1 Throwing
 + Level 2.3 Dodging
 + Level 1.0 Shields
 - Level 1.3 Spellcasting
 - Level 3.1 Ice Magic
 - Level 1.0 Evocations


You had 4 spell levels left.
You knew the following spells:

 Your Spells              Type           Power      Damage    Failure   Level
a - Freeze                Ice            44%        1d6       8%          1

Your spell library contained the following spells:

 Spells                   Type           Power      Damage    Failure   Level
 Frozen Ramparts          Ice            22%        1d4       24%         3
 Ozocubu's Armour         Ice            11%        N/A       24%         3
 Call Canine Familiar     Summ           1%         N/A       65%         3
 Portal Projectile        Hex/Tloc       2%         N/A       65%         3
 Tukima's Dance           Hex            1%         N/A       65%         3
 Leda's Liquefaction      Hex/Erth       0%         N/A       96%         4
 Passage of Golubria      Tloc           1%         N/A       96%         4
 Yara's Violent Unravell  Hex/Tmut       0%         3d3       100%        5
 Chain Lightning          Conj/Air       0%         2d1       100%        9
 Fire Storm               Conj/Fire      0%         6d1       100%        9
 Shatter                  Erth           0%         3d5*      100%        9


Dungeon Overview and Level Annotations

Branches:
Dungeon (2/15)

Altars:


Message History

You hit the rat.
The rat is moderately wounded.
The bat hits you but does no damage. The rat closely misses you.
You block the rat's attack.
You barely miss the rat.
The rat is moderately wounded.
The bat barely misses you. The rat misses you.
You hit the rat.
You kill the rat!
The bat hits you but does no damage. You block the bat's attack.
You hit the bat.
You kill the bat!
No target in view!
You see here a bat corpse.
Found a dagger.
g - a golden potion You now have 112 gold pieces (gained 11).
h - a scroll labelled QACUKE DABIDYI No target in view!
No target in view!
Found a ring mail.
You see here a +0 ring mail.
You see here a +0 ring mail.
There is a stone staircase leading up here.
Key pressed, stopping explore.
There is a stone staircase leading down here.
A frilled lizard comes into view.
The frilled lizard hisses angrily.
The frilled lizard barely misses you.
You barely miss the frilled lizard. The frilled lizard closely misses you.
You closely miss the frilled lizard. You block the frilled lizard's attack.
You miss the frilled lizard. The frilled lizard barely misses you.
You slash the frilled lizard!
You kill the frilled lizard!
No target in view!
Read: scroll of butterflies
Press: ? - help, Q - select action, (/) - cycle Dir - look around, f - activate
Okay, then.
Are you sure you want to abandon this character and quit the game? (Confirm with "yes".)

# ### ######
..####....#
#...##....# ###
##..##....# #..
##.###....# ##.##
...#......# #~.~#
.#........# #≈.~#
##........# #≈@~#
....†#....# #≈.≈#
..†..###### #≈.~#
..<### ###~.~#
...## ##...#~.~#
#...#####.....#~.≈#
...........# #~.~#
........#### ##.##
..........#####..#


There were no monsters in sight!

Vanquished Creatures
  Jessica (D:2)
  2 adders (D:2)
  2 dart slugs
  4 bats
  2 endoplasms (D:2)
  2 giant cockroaches
  5 goblins
  5 hobgoblins
  2 jackals (D:1)
  2 kobolds (D:2)
  A quokka (D:2)
  5 ball pythons
  2 frilled lizards
  3 rats
38 creatures vanquished.

Notes
Turn   | Place    | Note
-------+----------+-------------------------------------------
     0 | D:1      | Manisia the Hill Orc Wanderer began the quest for the Orb.
     0 | D:1      | Manisia set off with the following items: a +1 hand axe, a
                  | scroll of butterflies, a +0 robe; and the following spell
                  | memorised: Freeze; and the following spells available to
                  | memorise: Frozen Ramparts, Ozocubu's Armour.
     0 | D:1      | Reached XP level 1. HP: 18/18 MP: 2/2
   290 | D:1      | Reached XP level 2. HP: 25/25 MP: 0/3
  1325 | D:2      | Reached XP level 3. HP: 30/31 MP: 1/4
  1482 | D:2      | Noticed Jessica
  1514 | D:2      | Killed Jessica
  1515 | D:2      | Reached XP level 4. HP: 25/38 MP: 1/5
  1665 | D:2      | Reached skill level 1 in Shields
  1938 | D:2      | Quit the game

Illustrated notes

Levels and vault maps discovered:
D:1:      eino_arrival_water_star, layout_loops_ring, serial_co_window_serial,
          co_window_corner_a, co_window_paths_b, co_window_paths_b,
          co_window_corner_a, co_window_paths_b, co_window_paths_a,
          co_window_corner_b, co_window_broadway_b, co_window_of_opportunity_b,
          co_window_paths_c, co_window_broadway_c, co_window_corner_cb,
          co_window_4corner_a, glass_columns_a, glass_columns_a,
          glass_columns_b, glass_columns_a, glass_columns_a
D:2:      layout_rooms, amcnicky_mini_rare_corridor_liquid, minmay_ruptured,
          uniq_jessica

Skill      XL: |  1  2  3  4 |
---------------+-------------+-----
Ice Magic      | 3 |  3.1
Fighting       | 3 |  3.0
Axes           | 3 |  3.0
Dodging        | 2 |  2.3
Shields        | 1 |  1.0
Throwing       | |  0.1
Spellcasting   | |  1.3
Evocations     | |  1.0

Action                   |  1- 3 |  4- 6 || total
-------------------------+-------+-------++-------
Melee: Hand axe          |    51 |    28 ||    79
Throw: Stone             |     1 |       ||     1
 Cast: Freeze            |    20 |     6 ||    26
  Use: Scroll            |     7 |       ||     7
       Potion            |     1 |       ||     1
Armor: Robe              |     5 |     4 ||     9
Dodge: Dodged            |    34 |    25 ||    59
Block: Buckler           |     7 |     6 ||    13

Table legend: (Time is in decaauts)
 A = Elapsed time spent in this place.
 B = Non-inter-level travel time spent in this place.
 C = Inter-level travel time spent in this place.
 D = Time resting spent in this place.
 E = Time spent auto-exploring this place.
 F = Levels seen in this place.
 G = Mean time per level.
                   A        B        C        D        E       F      G
               +--------+--------+--------+--------+--------+-----+--------+
         Total |   1952 |   1936 |     16 |     88 |   1448 |   2 |  976.0 |
       Dungeon |   1952 |   1936 |     16 |     88 |   1448 |   2 |  976.0 |
               +--------+--------+--------+--------+--------+-----+--------+

Top non-repeatable levels by time:
     D:1: 1315 daAuts
     D:2: 637 daAuts
